 Dungeon Crawl Stone Soup version 0.31-a0-799-g6bc09d010c (webtiles) character file.

Game seed: 7353204899290680724

70 2FriedEggs the Shooter (level 4, 22/22 HPs)
             Began as a Spriggan Hunter on Sept 20, 2023.
             Was a Follower of Kikubaaqudgha.
             Quit the game on level 3 of the Dungeon.
             The game lasted 00:02:15 (1591 turns).

2FriedEggs the Shooter (Spriggan Hunter)            Turns: 1591, Time: 00:02:16

Health: 22/22      AC:  2    Str:  7    XL:     4   Next: 4%
Magic:  5/5        EV: 19    Int: 10    God:    Kikubaaqudgha [*.....]
Gold:   56         SH:  0    Dex: 20    Spells: 3/3 levels left

rFire   . . .        a - +0 shortbow
rCold   . . .        (shield currently unavailable)
rNeg    . . .        c - +0 robe
rPois   .            (helmet restricted)
rElec   .            (no cloak)
rCorr   .            (gloves unavailable)
SInv    +            (boots unavailable)
Will    .....        (no amulet)
Stlth   ++           (no ring)
HPRegen 0.23/turn    (no ring)
MPRegen 0.09/turn

%: no passive effects
@: very quick
A: very small, no large weapons, unfitting armour, see invisible, speed 3
a: Renounce Religion, Unearth Wretches


You were on level 3 of the Dungeon.
You worshipped Kikubaaqudgha.
Kikubaaqudgha was aware of your devotion.
You visited 1 branch of the dungeon, and saw 3 of its levels.

You collected 116 gold pieces.
You spent 60 gold pieces at shops.

Inventory:

Hand Weapons
 a - a +0 shortbow (weapon)
Armour
 c - a +0 robe (worn)
Jewellery
 g - a ring of flight
 h - a +6 ring of dexterity
Scrolls
 b - a scroll of butterflies
 d - 5 scrolls of identify
 e - a scroll of poison {unknown}
 j - 3 scrolls of immolation
 k - a scroll of noise {unknown}
 n - a scroll of fog {unknown}
 o - a scroll of brand weapon {unknown}
Potions
 f - a potion of heal wounds {unknown}
 i - a potion of curing {unknown}
 l - a potion of ambrosia {unknown}
 m - a potion of might {unknown}


   Skills:
 - Level 1.5 Fighting
 * Level 5.1 Ranged Weapons
 + Level 4.0 Dodging
 - Level 1.5 Stealth


You had 3 spell levels left.
You didn't know any spells.
Your spell library contained the following spells:

 Spells                   Type           Power      Damage    Failure   Level
 Kiss of Death            Conj/Necr      0%         2d5       36%         1
 Necrotise                Necr           0%         1d4       36%         1
 Cigotuvi's Dreadful Rot  Necr/Pois/Air  0%         N/A       50%         2
 Animate Dead             Necr           0%         N/A       98%         4


Dungeon Overview and Level Annotations

Branches:
Dungeon (3/15)

Altars:
Kikubaaqudgha

Shops:
D:2 ?


Innate Abilities, Weirdness & Mutations

You are very small and have problems with some larger weapons.
You are too small for most types of armour.
You have supernaturally acute eyesight. (SInv)
You cover ground extremely quickly. (Speed+++)


Message History

No target in view!
No target in view!
No target in view!
No target in view!
Found a dagger.
You see here a +0 dagger.
Found a stone staircase leading up.
No target in view!
No target in view!
You see here a +0 dagger.
There is an open door here.
Done exploring.
Key pressed, stopping explore.
Done exploring.
Done exploring.
There is a stone staircase leading up here.
Things that are here:
a +0 dagger; a goblin skeleton
There is a stone staircase leading down here.
You climb downwards.
Found an emerald potion.
There is a stone staircase leading up here.
Key pressed, stopping explore.
A worm comes into view.
You see here an emerald potion.
A worm is nearby!
A worm is nearby!
A worm is nearby!
You shoot an arrow. The arrow hits the worm.
The worm is moderately wounded.
You shoot an arrow. The arrow hits the worm!
The worm is severely wounded.
You shoot an arrow. The arrow hits the worm.
The worm is almost dead.
You shoot an arrow. The arrow barely misses the worm.
You shoot an arrow. The arrow hits the worm.
You kill the worm!
Kikubaaqudgha accepts your kill.
You have reached level 4!
Are you sure you want to abandon this character and quit the game? (Confirm with "yes".)

......
......
......
......###
.......
#....#
#....#
#...@#
#....#
#..#<#
#..#.# #.
#.# #.
#.. # ###


There were no monsters in sight!

Vanquished Creatures
  3 adders (D:2)
  A worm (D:3)
  A ball python (D:1)
  6 endoplasms
  3 giant cockroaches
  3 goblins
  4 hobgoblins
  6 kobolds (D:1)
  2 quokkas
  4 bats
  A frilled lizard (D:1)
  4 rats
38 creatures vanquished.

Notes
Turn   | Place    | Note
-------+----------+-------------------------------------------
     0 | D:1      | 2FriedEggs the Spriggan Hunter began the quest for the Orb.
     0 | D:1      | Reached XP level 1. HP: 10/10 MP: 2/2
   181 | D:1      | Reached XP level 2. HP: 14/14 MP: 3/3
   384 | D:1      | Found a faded altar of an unknown god.
   454 | D:1      | Prayed at the altar of an unknown god.
   454 | D:1      | Became a worshipper of Kikubaaqudgha
   454 | D:1      | Reached * piety under Kikubaaqudgha
   454 | D:1      | Received a gift from Kikubaaqudgha
   806 | D:2      | Reached XP level 3. HP: 16/18 MP: 4/4
   911 | D:2      | Found Atagyhaz's Magic Scroll Boutique.
   915 | D:2      | Bought a scroll of identify for 20 gold pieces
   915 | D:2      | Bought a scroll of identify for 20 gold pieces
   915 | D:2      | Bought a scroll of identify for 20 gold pieces
   969 | D:2      | Reached skill level 5 in Ranged Weapons
  1591 | D:3      | Reached XP level 4. HP: 22/22 MP: 5/5
  1591 | D:3      | Quit the game

Illustrated notes

Levels and vault maps discovered:
D:1:      zelgadis_glass_arrival_small, layout_basic,
          hellmonk_ecumenical_altar_blasted, minmay_distorted
D:2:      layout_basic, serial_shops, nicolae_shop_rolled_up
D:3:      cheibrodos_thug_alley, layout_basic, mainiacjoe_overflow_catwalk,
          mainiacjoe_overflow_alcove_1, uniq_grinder

Skill      XL: |  1  2  3 |
---------------+----------+-----
Dodging        | 3 4 |  4.0
Ranged Weapons | 5 |  5.1
Fighting       | |  1.5
Stealth        | |  1.5

Action                     |  1- 3 |  4- 6 || total
---------------------------+-------+-------++-------
   Fire: Shortbow          |   109 |       ||   109
 Armour: Robe              |     7 |       ||     7
  Dodge: Dodged            |    31 |       ||    31

Table legend: (Time is in decaauts)
 A = Elapsed time spent in this place.
 B = Non-inter-level travel time spent in this place.
 C = Inter-level travel time spent in this place.
 D = Time resting spent in this place.
 E = Time spent auto-exploring this place.
 F = Levels seen in this place.
 G = Mean time per level.
                   A        B        C        D        E       F      G
               +--------+--------+--------+--------+--------+-----+--------+
         Total |   1037 |   1001 |     36 |      0 |    789 |   3 |  345.7 |
       Dungeon |   1037 |   1001 |     36 |      0 |    789 |   3 |  345.7 |
               +--------+--------+--------+--------+--------+-----+--------+

Top non-repeatable levels by time:
     D:2: 589 daAuts
     D:1: 439 daAuts
     D:3: 7 daAuts
